[Event "Summer Prague Open-A 2024"]
[Site "Prague"]
[Date "2024.08.04"]
[Round "4.2"]
[White "Nothnagel, Marian Can"]
[Black "Walek, Petr"]
[Result "1/2-1/2"]
[Annotator "RC"]
[ECO "A08"]
[WhiteElo "2410"]
[BlackElo "2283"]
[PlyCount "94"]
[EventDate "2024.08.02"]
[EventType "swiss"]
[EventCountry "CZE"]
[SourceTitle "playchess.com"]
[Source "ChessBase"]
[SourceQuality "1"]
[TimeControl "40/5400+30:1800+30"]

1. e4 c5 2. Nf3 e6 3. d3 d5 4. Nbd2 Nc6 5. g3 Nf6 6. Bg2 Be7 7. O-O O-O 8. Re1 b5 9. e5 Nd7 10. Nf1 a5 11. h4 b4 12. N1h2 a4 13. h5 h6 14. a3 bxa3 15. bxa3 Rb8 16. Ng4 Re8 17. Bf4 Ba6 18. Qd2 Nd4 19. Nxd4 cxd4 20. Bxd5 exd5 21. e6 fxe6 22. Bxb8 Nxb8 23. Rxe6 Bg5 24. Qe2 Re7 25. Re1 Nc6 26. Rxe7 Qxe7 27. f4 Qxe2 28. Rxe2 Be7 29. Re6 Bb5 30. Ne5 Nxe5 31. Rxe7 Nd7 32. Kf2 Kf8 33. Re6 Nf6 34. Rb6 Bd7 35. Rb4 Nxh5 36. Rxd4 Nf6 37. Rb4 Ke7 38. Ke3 Kd6 39. c3 g5 40. fxg5 hxg5 41. c4 Nh5 42. Rb6+ Bc6 43. cxd5 Kxd5 44. Kf2 Nf6 45. Rb4 Ke5 46. Rc4 Bd7 47. Ke3 Nd5+ 1/2-1/2

[Event "Summer Prague Open-A 2024"]
[Site "Prague"]
[Date "2024.08.04"]
[Round "4.3"]
[White "Skypala, Ondrej"]
[Black "Garcia Roman, Daniel"]
[Result "1/2-1/2"]
[Annotator "RC"]
[ECO "A15"]
[WhiteElo "2230"]
[BlackElo "2397"]
[PlyCount "20"]
[EventDate "2024.08.02"]
[EventType "swiss"]
[EventCountry "CZE"]
[SourceTitle "playchess.com"]
[Source "ChessBase"]
[SourceQuality "1"]
[TimeControl "40/5400+30:1800+30"]

1. c4 Nf6 2. Nf3 c5 3. g3 b6 4. Bg2 Bb7 5. O-O g6 6. b3 Bg7 7. Bb2 O-O 8. d3 d6 9. Nbd2 Nc6 10. a3 a6 1/2-1/2

[Event "Summer Prague Open-A 2024"]
[Site "Prague"]
[Date "2024.08.04"]
[Round "4.4"]
[White "Prokofiev, Valentyn"]
[Black "Kroulik, Vaclav"]
[Result "1-0"]
[Annotator "RC"]
[ECO "D27"]
[WhiteElo "2381"]
[BlackElo "2056"]
[PlyCount "91"]
[EventDate "2024.08.02"]
[EventType "swiss"]
[EventCountry "CZE"]
[SourceTitle "playchess.com"]
[Source "ChessBase"]
[SourceQuality "1"]
[TimeControl "40/5400+30:1800+30"]

1. d4 d5 2. Nf3 Nf6 3. c4 dxc4 4. e3 e6 5. Bxc4 c5 6. O-O a6 7. dxc5 Qxd1 8. Rxd1 Bxc5 9. Be2 O-O 10. Nbd2 Nc6 11. b3 b5 12. Bb2 Bb7 13. a4 b4 14. Rac1 Be7 15. Nc4 Rfd8 16. Nd4 Nxd4 17. Bxd4 Nd5 18. Na5 Rd7 19. Nxb7 Rxb7 20. Bxa6 Rd7 21. Bb5 Rdd8 22. Bc6 Rac8 23. Bxd5 exd5 24. Kf1 f6 25. Bb6 Rxc1 26. Rxc1 Rb8 27. Rc6 Kf7 28. Bc5 Bxc5 29. Rxc5 Ke6 30. Rc7 h5 31. Rxg7 Rc8 32. Rb7 Rc1+ 33. Ke2 Rc2+ 34. Kf3 d4 35. Rxb4 d3 36. Rd4 d2 37. a5 Rb2 38. a6 Rxb3 39. Rxd2 Ra3 40. Rb2 Rxa6 41. Rb5 f5 42. h4 Kf6 43. g3 Rc6 44. Rb8 Kg6 45. Rg8+ Kh6 46. Rg5 1-0

[Event "Summer Prague Open-A 2024"]
[Site "Prague"]
[Date "2024.08.04"]
[Round "4.5"]
[White "Soural, Jan"]
[Black "Pulpan, Jakub"]
[Result "0-1"]
[Annotator "RC"]
[ECO "B22"]
[WhiteElo "2130"]
[BlackElo "2378"]
[PlyCount "50"]
[EventDate "2024.08.02"]
[EventType "swiss"]
[EventCountry "CZE"]
[SourceTitle "playchess.com"]
[Source "ChessBase"]
[SourceQuality "1"]
[TimeControl "40/5400+30:1800+30"]

1. e4 c5 2. c3 Nf6 3. e5 Nd5 4. d4 cxd4 5. Nf3 Nc6 6. cxd4 d6 7. Bc4 Nb6 8. Bb5 dxe5 9. Nxe5 Bd7 10. Bxc6 Bxc6 11. Nxc6 bxc6 12. O-O e6 13. Nc3 Be7 14. Ne4 O-O 15. Bf4 Nd5 16. Bg3 f5 17. Nc5 Bxc5 18. dxc5 f4 19. Qg4 fxg3 20. Qxe6+ Kh8 21. Qxc6 gxf2+ 22. Rxf2 Rxf2 23. Kxf2 Rc8 24. Qd6 Qh4+ 25. Kg1 Qd4+ 0-1

[Event "Summer Prague Open-A 2024"]
[Site "Prague"]
[Date "2024.08.04"]
[Round "4.6"]
[White "Taborsky, Rostislav"]
[Black "Konopka, Michal"]
[Result "0-1"]
[Annotator "RC"]
[ECO "D85"]
[WhiteElo "2051"]
[BlackElo "2325"]
[PlyCount "134"]
[EventDate "2024.08.02"]
[EventType "swiss"]
[EventCountry "CZE"]
[SourceTitle "playchess.com"]
[Source "ChessBase"]
[SourceQuality "1"]
[TimeControl "40/5400+30:1800+30"]

1. d4 Nf6 2. c4 g6 3. Nc3 d5 4. cxd5 Nxd5 5. e4 Nxc3 6. bxc3 Bg7 7. Nf3 c5 8. Bb5+ Bd7 9. Be2 O-O 10. O-O Qc7 11. h3 Rd8 12. Bg5 Be8 13. Qd2 Nc6 14. Rac1 f6 15. Bc4+ Kh8 16. Be3 e5 17. Bd5 Ne7 18. dxe5 f5 19. c4 fxe4 20. Ng5 Nxd5 21. cxd5 Qxe5 22. Rfd1 b6 23. Bf4 Qf5 24. g4 Qd7 25. Ne6 Kg8 26. Qe3 Rdc8 27. Qxe4 Qf7 28. Nxg7 Qxg7 29. Be5 Qe7 30. d6 Qe6 31. d7 Bxd7 32. Rd6 Bc6 33. Qf4 Qf7 34. Rf6 Qd5 35. f3 Rf8 36. Ba1 Qxf3 37. Qxf3 Bxf3 38. Re1 Rxf6 39. Bxf6 Bd5 40. Re7 Bxa2 41. Rg7+ Kf8 42. Rxh7 Bf7 43. h4 Re8 44. h5 gxh5 45. gxh5 Re6 46. Bc3 Re3 47. Bf6 Rf3 48. Bb2 Rh3 49. h6 a5 50. Kg2 Rh5 51. Bg7+ Ke7 52. Rh8 Kd7 53. Rb8 Kc6 54. Kg3 Bg6 55. Kg4 Rh1 56. Bf6 Kc7 57. Be5+ Kc6 58. Bf6 a4 59. Bd8 Rb1 60. Ra8 Kb5 61. Bf6 Kb4 62. Rg8 Bd3 63. Kf4 Rf1+ 64. Ke5 Rf5+ 65. Ke6 Bc4+ 66. Kxf5 Bxg8 67. Kg6 Ba2 0-1

[Event "Summer Prague Open-A 2024"]
[Site "Prague"]
[Date "2024.08.04"]
[Round "4.7"]
[White "Anwesh, Upadhyaya"]
[Black "Houska, Jiri"]
[Result "1-0"]
[Annotator "RC"]
[ECO "C15"]
[WhiteElo "2373"]
[BlackElo "2138"]
[PlyCount "119"]
[EventDate "2024.08.02"]
[EventType "swiss"]
[EventCountry "CZE"]
[SourceTitle "playchess.com"]
[Source "ChessBase"]
[SourceQuality "1"]
[TimeControl "40/5400+30:1800+30"]

1. e4 e6 2. d4 d5 3. Nc3 Bb4 4. exd5 exd5 5. Bd3 Nc6 6. Nge2 Nge7 7. Bf4 Bf5 8. O-O O-O 9. Nb5 Rc8 10. c3 Ba5 11. a4 a6 12. Na3 Qd7 13. Nc2 Nd8 14. b4 Bb6 15. a5 Ba7 16. Ne3 Bxd3 17. Qxd3 c6 18. Rfe1 Ne6 19. Nf5 Nxf5 20. Qxf5 Rfe8 21. h4 Nf8 22. Qxd7 Nxd7 23. Kf1 Bb8 24. Bxb8 Rxb8 25. Nf4 f6 26. f3 Kf7 27. g4 Nf8 28. Nd3 Nd7 29. Kf2 Rxe1 30. Rxe1 Re8 31. Rh1 Re7 32. h5 Kg8 33. f4 g6 34. Kf3 Re4 35. hxg6 hxg6 36. f5 g5 37. Re1 Rxe1 38. Nxe1 Kf7 39. Ke3 Ke7 40. Nd3 Kd6 41. Nb2 Kc7 42. Kd3 Kd6 43. Nd1 Kc7 44. Ne3 Kd6 45. c4 Nb8 46. Kc3 Nd7 47. Nf1 Ke7 48. Ng3 Nb8 49. Nh5 Kf7 50. Ng3 Ke7 51. Nf1 Nd7 52. b5 cxb5 53. cxb5 Kd6 54. Kb4 Nb8 55. Nd2 Nd7 56. Nb3 axb5 57. Kxb5 Kc7 58. Nc5 Nb8 59. a6 Nc6 60. Ne6+ 1-0

[Event "Summer Prague Open-A 2024"]
[Site "Prague"]
[Date "2024.08.04"]
[Round "4.8"]
[White "Zerafa, Robert"]
[Black "Neukirchner, Pascal"]
[Result "0-1"]
[Annotator "RC"]
[ECO "A04"]
[WhiteElo "2068"]
[BlackElo "2261"]
[PlyCount "198"]
[EventDate "2024.08.02"]
[EventType "swiss"]
[EventCountry "CZE"]
[SourceTitle "playchess.com"]
[Source "ChessBase"]
[SourceQuality "1"]
[TimeControl "40/5400+30:1800+30"]

1. Nf3 c5 2. g3 g6 3. Bg2 Bg7 4. d4 cxd4 5. Nxd4 Nc6 6. Nb3 d6 7. O-O Nf6 8. Nc3 O-O 9. h3 Bd7 10. e4 Rc8 11. Nd5 Nxd5 12. exd5 Ne5 13. Nd4 Qb6 14. c3 Qc5 15. Re1 Rfe8 16. Qe2 Qc4 17. Qe4 Qd3 18. Qh4 Bf6 19. Bg5 Bxg5 20. Qxg5 f6 21. Qh6 Nf7 22. Qh4 Qd2 23. Re2 Qg5 24. Qe4 f5 25. Qc2 f4 26. Kh2 Ne5 27. Nf3 Nxf3+ 28. Bxf3 Rf8 29. Qe4 Bb5 30. Qe6+ Kh8 31. Re4 fxg3+ 32. fxg3 Qd2+ 33. Bg2 Qxb2 34. Rg1 Qxc3 35. a4 Bc4 36. Qxe7 Bxd5 37. Rh4 Rf7 38. Qxd6 Bxg2 39. Rxg2 Qg7 40. Rd4 Rcf8 41. Rd1 Rf2 42. Qc5 Rxg2+ 43. Kxg2 Qf6 44. Rd2 a6 45. a5 Rf7 46. h4 Kg7 47. Kh2 h5 48. Re2 Qf5 49. Qc3+ Kh7 50. Rd2 Qf1 51. Rg2 Qb5 52. Rb2 Qf1 53. Rg2 Re7 54. Rb2 Qa1 55. Qb4 Rf7 56. Re2 Qf6 57. Rd2 Qc6 58. Qd4 Qc7 59. Qb4 Rf3 60. Rg2 Re3 61. Qf8 Qe7 62. Qb8 Re5 63. Rc2 Re2+ 64. Rxe2 Qxe2+ 65. Kh3 Qe6+ 66. Kg2 Qd5+ 67. Kf2 Qxa5 68. Qxb7+ Kh6 69. Qb2 Qc5+ 70. Kg2 Qd5+ 71. Kh2 Kh7 72. Qf6 Qb7 73. Qe5 Qa7 74. Qa5 Qf2+ 75. Kh1 Qxg3 76. Qxa6 Qxh4+ 77. Kg2 Qg4+ 78. Kh2 Qf4+ 79. Kg2 h4 80. Qb7+ Kh6 81. Qb2 Qg3+ 82. Kh1 Qf3+ 83. Kh2 Kh5 84. Qe5+ Kg4 85. Qe6+ Qf5 86. Qe2+ Kg5 87. Qe7+ Kh5 88. Qe2+ Kh6 89. Qe3+ g5 90. Qb6+ Kh5 91. Qd8 Qf2+ 92. Kh1 Qf3+ 93. Kh2 Qe2+ 94. Kh1 Qe1+ 95. Kh2 Qe5+ 96. Kh1 h3 97. Qd3 Qe1+ 98. Kh2 Qf2+ 99. Kxh3 g4# 0-1

[Event "Summer Prague Open-A 2024"]
[Site "Prague"]
[Date "2024.08.04"]
[Round "4.9"]
[White "Veleshnja, Zino"]
[Black "Hozda, Max"]
[Result "1-0"]
[Annotator "RC"]
[ECO "A05"]
[WhiteElo "2252"]
[BlackElo "2046"]
[PlyCount "97"]
[EventDate "2024.08.02"]
[EventType "swiss"]
[EventCountry "CZE"]
[SourceTitle "playchess.com"]
[Source "ChessBase"]
[SourceQuality "1"]
[TimeControl "40/5400+30:1800+30"]

1. Nf3 Nf6 2. g3 b5 3. Bg2 Bb7 4. O-O e6 5. b3 Be7 6. Bb2 O-O 7. d3 c5 8. e4 d6 9. Nbd2 Nc6 10. Qe2 Qb6 11. c4 a6 12. Rfd1 Nd7 13. Nf1 Bf6 14. Ne3 Bxb2 15. Qxb2 Nd4 16. b4 Nxf3+ 17. Bxf3 Ne5 18. Bg2 bxc4 19. dxc4 cxb4 20. Qd4 Qxd4 21. Rxd4 Rfd8 22. Rad1 Nc6 23. Rxd6 Rxd6 24. Rxd6 Rd8 25. e5 Rxd6 26. exd6 Kf8 27. Nc2 a5 28. Bxc6 Bxc6 29. Nd4 Ba4 30. c5 Ke8 31. f4 Kd7 32. Kf2 Bc6 33. Nxc6 Kxc6 34. Ke3 f6 35. Kd4 h5 36. h3 g6 37. g4 hxg4 38. hxg4 Kd7 39. Ke4 a4 40. g5 b3 41. axb3 a3 42. gxf6 a2 43. f7 a1=Q 44. f8=Q Qb1+ 45. Kf3 Qxb3+ 46. Kg4 Qd1+ 47. Kg5 Qh5+ 48. Kf6 Qf5+ 49. Kg7 1-0

[Event "Summer Prague Open-A 2024"]
[Site "Prague"]
[Date "2024.08.04"]
[Round "4.10"]
[White "Cichon, Bartlomiej"]
[Black "Petr, Jakub"]
[Result "1/2-1/2"]
[Annotator "RC"]
[ECO "B90"]
[WhiteElo "1992"]
[BlackElo "2243"]
[PlyCount "72"]
[EventDate "2024.08.02"]
[EventType "swiss"]
[EventCountry "CZE"]
[SourceTitle "playchess.com"]
[Source "ChessBase"]
[SourceQuality "1"]
[TimeControl "40/5400+30:1800+30"]

1. e4 c5 2. Nf3 d6 3. d4 cxd4 4. Nxd4 Nf6 5. Nc3 a6 6. h3 e6 7. g4 d5 8. exd5 Nxd5 9. Nde2 Bb4 10. Bg2 O-O 11. O-O Nxc3 12. Nxc3 Qc7 13. Qd4 Bd6 14. Rd1 Be5 15. Qe3 Nc6 16. Qc5 Rd8 17. Be3 Bd7 18. Qb6 Be8 19. Na4 Rxd1+ 20. Rxd1 Rd8 21. Rxd8 Qxd8 22. Qxd8 Nxd8 23. Nc5 Bxb2 24. Nxb7 Nxb7 25. Bxb7 Bb5 26. f4 a5 27. Kf2 a4 28. Bf3 Bc4 29. a3 Bxa3 30. Bc6 Kf8 31. Bxa4 Ke7 32. Bc6 Kd6 33. Be4 g6 34. Bd4 f5 35. Bf3 Bc1 36. Kg3 Bd2 1/2-1/2

[Event "Summer Prague Open-A 2024"]
[Site "Prague"]
[Date "2024.08.04"]
[Round "4.11"]
[White "Sramek, Vojtech"]
[Black "Bacak, Petr"]
[Result "1-0"]
[Annotator "RC"]
[ECO "B90"]
[WhiteElo "2237"]
[BlackElo "2049"]
[PlyCount "87"]
[EventDate "2024.08.02"]
[EventType "swiss"]
[EventCountry "CZE"]
[SourceTitle "playchess.com"]
[Source "ChessBase"]
[SourceQuality "1"]
[TimeControl "40/5400+30:1800+30"]

1. e4 c5 2. Nf3 d6 3. d4 cxd4 4. Nxd4 Nf6 5. Nc3 a6 6. Be3 e5 7. Nb3 Be6 8. f3 h5 9. Nd5 Bxd5 10. exd5 Nbd7 11. Qd2 g6 12. O-O-O Bg7 13. Kb1 Rc8 14. Bg5 Qc7 15. Bd3 O-O 16. h4 Rfe8 17. g4 e4 18. Bxe4 hxg4 19. h5 Rxe4 20. h6 Bxh6 21. Bxf6 Nxf6 22. Qxh6 Nh5 23. fxe4 Qxc2+ 24. Ka1 Qxe4 25. Qg5 Kh7 26. Rhe1 Qf5 27. Qe7 Qf6 28. Qxf6 Nxf6 29. Re7 Kg7 30. Rxb7 Rh8 31. Rc7 g3 32. Rc2 Ne4 33. a4 f5 34. Nd4 Kf6 35. b4 f4 36. Re1 Ng5 37. b5 axb5 38. axb5 Ra8+ 39. Ra2 Rb8 40. Ra6 Nf7 41. Ra3 Ne5 42. Rf1 Kg5 43. Ne6+ Kh6 44. Rh1# 1-0

[Event "Summer Prague Open-A 2024"]
[Site "Prague"]
[Date "2024.08.04"]
[Round "4.12"]
[White "Kuhn, Tobias"]
[Black "Dome, Michal"]
[Result "1/2-1/2"]
[Annotator "RC"]
[ECO "C07"]
[WhiteElo "2223"]
[BlackElo "1965"]
[PlyCount "98"]
[EventDate "2024.08.02"]
[EventType "swiss"]
[EventCountry "CZE"]
[SourceTitle "playchess.com"]
[Source "ChessBase"]
[SourceQuality "1"]
[TimeControl "40/5400+30:1800+30"]

1. e4 e6 2. d4 d5 3. Nd2 c5 4. Ngf3 cxd4 5. exd5 Qxd5 6. Bc4 Qd6 7. O-O Nf6 8. Nb3 Nc6 9. Nbxd4 Nxd4 10. Nxd4 Be7 11. c3 O-O 12. Re1 a6 13. Qe2 Qc7 14. Bg5 Nd5 15. Bxe7 Nxe7 16. Rad1 Nc6 17. Qh5 b5 18. Qc5 Bd7 19. Bd3 Rac8 20. Nf3 g6 21. Qg5 Kg7 22. Re4 f6 23. Qe3 Ne7 24. Rh4 Ng8 25. Bc2 Rce8 26. Qd3 Re7 27. Rxh7+ Kxh7 28. Qxg6+ Kh8 29. Qh5+ Nh6 30. Qxh6+ Kg8 31. Rd4 Rg7 32. Bb3 Bc8 33. Re4 Qf7 34. g3 Re8 35. Nd4 Rg6 36. Qe3 f5 37. Re5 f4 38. Qe2 fxg3 39. hxg3 Rf6 40. Qg4+ Kf8 41. f4 Rg6 42. Rg5 Rxg5 43. Qxg5 Qg7 44. Qc5+ Qe7 45. Qh5 Qg7 46. Qc5+ Qe7 47. Qe5 Qg7 48. Qd6+ Qe7 49. Qe5 Qg7 1/2-1/2

[Event "Summer Prague Open-A 2024"]
[Site "Prague"]
[Date "2024.08.04"]
[Round "4.13"]
[White "Flajsman, Pavel"]
[Black "Galymbek, Alikhan"]
[Result "0-1"]
[Annotator "RC"]
[ECO "A06"]
[WhiteElo "2188"]
[BlackElo "1970"]
[PlyCount "78"]
[EventDate "2024.08.02"]
[EventType "swiss"]
[EventCountry "CZE"]
[SourceTitle "playchess.com"]
[Source "ChessBase"]
[SourceQuality "1"]
[TimeControl "40/5400+30:1800+30"]

1. Nf3 d5 2. g3 e6 3. Bg2 c5 4. O-O Nf6 5. c4 Be7 6. cxd5 Nxd5 7. d4 O-O 8. e4 Nf6 9. e5 Nd5 10. dxc5 Bxc5 11. Nbd2 b6 12. a3 Ba6 13. Re1 Nd7 14. Ne4 Be7 15. h4 Qc7 16. Bg5 Bxg5 17. hxg5 Rac8 18. Nd6 Rcd8 19. Rc1 Qb8 20. Qa4 Bd3 21. Rcd1 Bg6 22. Nb5 a5 23. b4 Rc8 24. Rd2 axb4 25. Nd6 Nc5 26. Qb5 bxa3 27. Nxc8 Rxc8 28. Rc1 Ne4 29. Rxc8+ Qxc8 30. Rc2 Nec3 31. Rc1 Ne2+ 32. Qxe2 Qxc1+ 33. Kh2 h6 34. Nh4 Bb1 35. Bxd5 exd5 36. e6 Be4 37. f3 Qc2 38. Qxc2 Bxc2 39. e7 Ba4 0-1

[Event "Summer Prague Open-A 2024"]
[Site "Prague"]
[Date "2024.08.04"]
[Round "4.14"]
[White "Omarsson, Adam"]
[Black "Golenia, Jan"]
[Result "0-1"]
[Annotator "ChessBase"]
[ECO "E52"]
[WhiteElo "1970"]
[BlackElo "2188"]
[PlyCount "176"]
[EventDate "2024.08.02"]
[EventType "swiss"]
[EventCountry "CZE"]
[SourceTitle "playchess.com"]
[Source "ChessBase"]
[SourceQuality "1"]
[TimeControl "40/5400+30:1800+30"]

1. d4 Nf6 2. c4 e6 3. Nc3 Bb4 4. e3 O-O 5. Nf3 d5 6. Bd3 b6 7. O-O Bb7 8. a3 Bd6 9. cxd5 exd5 10. Ne5 Nbd7 11. f4 Ne4 12. Qc2 Ndf6 13. Bd2 c5 14. Rac1 Rc8 15. Qd1 Qe7 16. Qe2 cxd4 17. exd4 Nxc3 18. Rxc3 Rxc3 19. Bxc3 Ne4 20. Bd2 f6 21. Nf3 Re8 22. Re1 Qc7 23. g3 Re7 24. Bxe4 dxe4 25. Nh4 g6 26. Rc1 Qd7 27. Be3 Bd5 28. Qa6 Qb7 29. Qxb7 Bxb7 30. Kf2 Kf7 31. Ng2 h6 32. Nh4 Rc7 33. Rxc7+ Bxc7 34. Bd2 g5 35. Ng2 Ke6 36. Bc3 b5 37. fxg5 hxg5 38. h4 gxh4 39. Nxh4 e3+ 40. Kxe3 Bxg3 41. Ng6 Kf5 42. Ne7+ Kg4 43. d5 f5 44. Bd4 f4+ 45. Ke2 f3+ 46. Kf1 Bd6 47. Nc6 Kf4 48. Bxa7 Ke4 49. Nb4 Bg3 50. Bf2 Be5 51. b3 Bd6 52. Ke1 Bc8 53. Kf1 Be5 54. a4 Bh3+ 55. Kg1 Bd6 56. Nc2 b4 57. a5 Kxd5 58. a6 Bc8 59. a7 Bb7 60. Ne3+ Ke4 61. Nc4 Bc7 62. Bc5 Kd3 63. Bxb4 Ke2 64. Bc5 Bg3 65. Bb6 f2+ 66. Bxf2 Bxf2+ 67. Kh2 Bxa7 68. Kg3 Kd3 69. Kf4 Bb8+ 70. Kf5 Bc8+ 71. Kf6 Kc3 72. Nb6 Bh3 73. Ke7 Kxb3 74. Nd7 Bg3 75. Nc5+ Kc4 76. Ne4 Bh4+ 77. Kd6 Kd4 78. Nc5 Bg3+ 79. Kc6 Bg2+ 80. Kb5 Kd5 81. Nb3 Be1 82. Na5 Bh3 83. Kb6 Bf2+ 84. Kb5 Bd7+ 85. Ka6 Kc5 86. Nb7+ Kb4 87. Nd6 Bc5 88. Nb7 Bb5# 0-1

[Event "Summer Prague Open-A 2024"]
[Site "Prague"]
[Date "2024.08.04"]
[Round "4.15"]
[White "Pujari, Rucha"]
[Black "Tynyshtyk, Diana"]
[Result "0-1"]
[Annotator "RC"]
[ECO "D78"]
[WhiteElo "2175"]
[BlackElo "1935"]
[PlyCount "58"]
[EventDate "2024.08.02"]
[EventType "swiss"]
[EventCountry "CZE"]
[SourceTitle "playchess.com"]
[Source "ChessBase"]
[SourceQuality "1"]
[TimeControl "40/5400+30:1800+30"]

1. d4 Nf6 2. c4 g6 3. Nf3 Bg7 4. g3 c6 5. Bg2 d5 6. O-O O-O 7. a4 Bf5 8. h3 Qc8 9. g4 Be6 10. Ng5 Bd7 11. Nc3 h6 12. Nf3 h5 13. cxd5 hxg4 14. hxg4 Bxg4 15. Ng5 cxd5 16. Nxd5 Nxd5 17. Bxd5 Nc6 18. Be3 Bf6 19. Qd3 Kg7 20. Rfc1 Qd7 21. Qe4 Rac8 22. Rc5 Bf5 23. Qf4 Nxd4 24. Bxd4 Rxc5 25. Bxc5 Qxd5 26. Bxa7 Rh8 27. Nf3 e5 28. Qd2 Qe4 29. Nh2 Qh4 0-1

[Event "Summer Prague Open-A 2024"]
[Site "Prague"]
[Date "2024.08.04"]
[Round "4.16"]
[White "Pahud, Cedric"]
[Black "Bohatyrov, Mykola"]
[Result "1/2-1/2"]
[Annotator "RC"]
[ECO "C01"]
[WhiteElo "2152"]
[BlackElo "1847"]
[PlyCount "96"]
[EventDate "2024.08.02"]
[EventType "swiss"]
[EventCountry "CZE"]
[SourceTitle "playchess.com"]
[Source "ChessBase"]
[SourceQuality "1"]
[TimeControl "40/5400+30:1800+30"]

1. e4 e6 2. d4 d5 3. exd5 exd5 4. c4 Nf6 5. Nc3 Bb4 6. Nf3 O-O 7. Be2 h6 8. O-O b6 9. Qb3 Bxc3 10. bxc3 Ba6 11. Re1 Nc6 12. cxd5 Na5 13. Qa4 Bxe2 14. Rxe2 Qxd5 15. Ne5 Rfe8 16. Bb2 Nc4 17. Rae1 b5 18. Qb3 a5 19. Ba3 a4 20. Qb4 Nxe5 21. dxe5 Nd7 22. Qd4 Nb6 23. Bc5 Qxd4 24. cxd4 Nd5 25. a3 Nf4 26. Rd2 Rad8 27. Red1 Ne6 28. Bb4 Rd5 29. g3 Red8 30. Bc3 Ng5 31. Kg2 Ne4 32. Rd3 Nxc3 33. Rxc3 c5 34. f4 b4 35. Rc4 b3 36. Rxa4 Rxd4 37. Rdxd4 Rxd4 38. Ra8+ Kh7 39. Rb8 c4 40. a4 Rd2+ 41. Kh3 Ra2 42. f5 Re2 43. e6 fxe6 44. Rb4 b2 45. fxe6 c3 46. Kg4 Rxe6 47. Kf5 Rf6+ 48. Ke4 c2 1/2-1/2

[Event "Summer Prague Open-A 2024"]
[Site "Prague"]
[Date "2024.08.04"]
[Round "4.17"]
[White "Yun, Hungi"]
[Black "Eret, Matous"]
[Result "0-1"]
[Annotator "RC"]
[ECO "C61"]
[WhiteElo "1950"]
[BlackElo "2316"]
[PlyCount "82"]
[EventDate "2024.08.02"]
[EventType "swiss"]
[EventCountry "CZE"]
[SourceTitle "playchess.com"]
[Source "ChessBase"]
[SourceQuality "1"]
[TimeControl "40/5400+30:1800+30"]

1. e4 e5 2. Nf3 Nc6 3. Bb5 Nd4 4. Nxd4 exd4 5. O-O Bc5 6. d3 c6 7. Bc4 d5 8. exd5 cxd5 9. Bb5+ Kf8 10. Re1 Be6 11. Ba4 Ne7 12. Nd2 Nf5 13. Nf3 h6 14. c3 g5 15. cxd4 Nxd4 16. b4 Bb6 17. Bb2 Qf6 18. Ne5 Rd8 19. Rc1 Kg7 20. Qd2 Rc8 21. Bc3 Rc7 22. Qb2 Rhc8 23. Kh1 Kh7 24. f3 Qf5 25. Bd2 h5 26. Rxc7 Rxc7 27. Bc3 f6 28. Bxd4 Bxd4 29. Qxd4 fxe5 30. Qxa7 Qxd3 31. Qb6 Qc3 32. Rd1 Bf7 33. Qf6 Qe3 34. Bc2+ e4 35. Bb1 Bg6 36. Qd6 Rc1 37. Qe7+ Kg8 38. Qd8+ Kg7 39. Qe7+ Bf7 40. Qe5+ Kg8 41. Qb8+ Kh7 0-1

[Event "Summer Prague Open-A 2024"]
[Site "Prague"]
[Date "2024.08.04"]
[Round "4.18"]
[White "Mirimanian, Hayk"]
[Black "Cichon, Jakub"]
[Result "1/2-1/2"]
[Annotator "RC"]
[ECO "C55"]
[WhiteElo "2290"]
[BlackElo "1979"]
[PlyCount "105"]
[EventDate "2024.08.02"]
[EventType "swiss"]
[EventCountry "CZE"]
[SourceTitle "playchess.com"]
[Source "ChessBase"]
[SourceQuality "1"]
[TimeControl "40/5400+30:1800+30"]

1. e4 e5 2. Nf3 Nc6 3. Bc4 Nf6 4. d3 Be7 5. O-O O-O 6. a4 d6 7. a5 a6 8. c3 Kh8 9. Qb3 Qe8 10. Ng5 Nd8 11. f4 exf4 12. Bxf4 Nh5 13. Be3 f5 14. exf5 Bxg5 15. Bxg5 Rxf5 16. Rxf5 Bxf5 17. Nd2 h6 18. Bxd8 Qe3+ 19. Kh1 Rxd8 20. Nf1 Qf2 21. Qxb7 Nf4 22. Qf3 Qxf3 23. gxf3 Bxd3 24. Bxd3 Nxd3 25. b4 c5 26. bxc5 dxc5 27. Rb1 Nf4 28. Rb6 Rd3 29. Rxa6 Rxf3 30. Kg1 Rxc3 31. Rc6 Nd3 32. a6 Ra3 33. Ng3 Nb4 34. Rxc5 Rxa6 35. h4 Rg6 36. Kh2 Nd3 37. Rf5 Kg8 38. Rd5 Nf2 39. Rf5 Ng4+ 40. Kh3 Nf6 41. Ra5 Kh7 42. Rf5 Nd7 43. Rd5 Nf8 44. Rf5 Ne6 45. Ne2 Rf6 46. Rxf6 gxf6 47. Kg4 Kg6 48. h5+ Kf7 49. Ng3 Ng7 50. Nf5 Nxh5 51. Kxh5 Ke6 52. Nxh6 f5 53. Nxf5 1/2-1/2

[Event "Summer Prague Open-A 2024"]
[Site "Prague"]
[Date "2024.08.04"]
[Round "4.19"]
[White "Camarena Jimenez, Rufino"]
[Black "Halafov, Ilgar"]
[Result "1-0"]
[Annotator "RC"]
[ECO "E92"]
[WhiteElo "2279"]
[BlackElo "1975"]
[PlyCount "101"]
[EventDate "2024.08.02"]
[EventType "swiss"]
[EventCountry "CZE"]
[SourceTitle "playchess.com"]
[Source "ChessBase"]
[SourceQuality "1"]
[TimeControl "40/5400+30:1800+30"]

1. d4 Nf6 2. c4 g6 3. Nc3 Bg7 4. e4 d6 5. Nf3 O-O 6. Be2 e5 7. d5 Na6 8. Bg5 h6 9. Bh4 Qe8 10. Nd2 Nh7 11. Rb1 c5 12. dxc6 bxc6 13. b4 f5 14. f3 Nc7 15. Nb3 Qd7 16. b5 Nf6 17. O-O c5 18. Nd5 Ncxd5 19. cxd5 g5 20. Be1 fxe4 21. fxe4 Nxe4 22. Rxf8+ Kxf8 23. Na5 Nf6 24. Nc6 Qf7 25. Rb3 Kg8 26. Ra3 Qb7 27. Ra6 Kh8 28. Bc4 Bf5 29. Qa4 Be4 30. Rxa7 Rxa7 31. Qxa7 Qxa7 32. Nxa7 Nxd5 33. Nc8 Bf8 34. b6 Nf6 35. Be6 Bb7 36. Na7 d5 37. Bc8 Bxc8 38. Nxc8 Nd7 39. b7 c4 40. Bg3 e4 41. Kf1 Bc5 42. b8=Q Nxb8 43. Bxb8 e3 44. Bd6 Bxd6 45. Nxd6 c3 46. Nf7+ Kg7 47. Ne5 d4 48. Ke2 Kf6 49. Nd3 Ke6 50. Nc1 Kd5 51. Kd3 1-0

[Event "Summer Prague Open-A 2024"]
[Site "Prague"]
[Date "2024.08.04"]
[Round "4.20"]
[White "Schmitz, Thorsten"]
[Black "Heron, Andrew"]
[Result "1-0"]
[Annotator "RC"]
[ECO "B90"]
[WhiteElo "2218"]
[BlackElo "1973"]
[PlyCount "73"]
[EventDate "2024.08.02"]
[EventType "swiss"]
[EventCountry "CZE"]
[SourceTitle "playchess.com"]
[Source "ChessBase"]
[SourceQuality "1"]
[TimeControl "40/5400+30:1800+30"]

1. e4 c5 2. Nf3 d6 3. d4 cxd4 4. Nxd4 Nf6 5. Nc3 a6 6. Qd3 e5 7. Nf5 Bxf5 8. exf5 d5 9. Bg5 d4 10. Bxf6 Qxf6 11. Ne4 Qb6 12. O-O-O Nd7 13. Qf3 Nf6 14. Nxf6+ gxf6 15. Bc4 Qc7 16. Bb3 h5 17. Rhe1 O-O-O 18. Re4 Kb8 19. Kb1 Bd6 20. Rh4 Rdg8 21. Bd5 Rc8 22. Be4 Bb4 23. Rxh5 Qb6 24. Rxh8 Rxh8 25. Qb3 Rxh2 26. Qxf7 Rh4 27. f3 a5 28. Ka1 Rh2 29. a3 Bc5 30. Rd3 a4 31. Qe8+ Ka7 32. Qxa4+ Qa6 33. Qd7 Rxg2 34. Rb3 Bb6 35. Rb4 Rg8 36. Ra4 Ba5 37. Rxa5 1-0